 Dungeon Crawl Stone Soup version 0.23.1 (webtiles) character file.

Game seed: 14916958835618270474

1631 eskel the Geomancer (level 8, 0/41 HPs)
             Began as a Gargoyle Earth Elementalist on Mar 10, 2019.
             Was a Believer of Vehumet.
             Slain by Harold
             ... wielding a +0 long sword
              (18 damage)
             ... on level 7 of the Dungeon.
             The game lasted 00:24:53 (5437 turns).

eskel the Geomancer (Gargoyle Earth Elementalist)   Turns: 5437, Time: 00:24:54

Health: 0/41       AC: 10    Str: 12    XL:     8   Next: 98%
Magic:  15/16      EV: 14    Int: 18    God:    Vehumet [**....]
Gold:   389        SH:  0    Dex: 10    Spells: 9/18 levels left

rFire    + . .     SeeInvis .   h - +2 spear (venom)
rCold    + . .     Gourm    .   (no shield)
rNeg     + . .     Faith    .   c - +0 robe
rPois    ∞         Spirit   .   A - +1 helmet
rElec    +         Reflect  .   n - scarf {rC+ rF+}
rCorr    .         Harm     .   (no gloves)
MR       .....                  j - +0 pair of boots
Stlth    ++........             (no amulet)
HPRegen  0.13/turn              q - +2 ring of evasion
MPRegen  0.15/turn              (no ring)

@: no status effects
A: negative energy resistance 1, electricity resistance, unbreathing,
petrification resistance, rot immunity, AC +5
a: Renounce Religion


You were on level 7 of the Dungeon.
You worshipped Vehumet.
Vehumet was pleased with you.
You were not hungry.

You visited 1 branch of the dungeon, and saw 7 of its levels.

You collected 389 gold pieces.

Inventory:

Hand Weapons
 e - a +0 dagger
 f - a +0 hunting sling
 h - a +2 spear of venom (weapon)
Missiles
 b - 186 stones (quivered)
Armour
 c - a +0 robe (worn)
 j - a +0 pair of boots (worn)
 n - a scarf of resistance (worn)
 A - a +1 helmet (worn)
Jewellery
 q - a +2 ring of evasion (left hand)
Wands
 y - a wand of paralysis (5)
Scrolls
 g - 7 scrolls of remove curse
 k - 2 scrolls of amnesia {unknown}
 m - 2 scrolls of enchant armour {unknown}
 p - 2 scrolls of random uselessness {unknown}
 s - a scroll of immolation {unknown}
 t - 2 scrolls of fog {unknown}
 u - 2 scrolls of enchant weapon {unknown}
 w - a scroll of identify
 x - a scroll of fear {unknown}
 z - a scroll of blinking {unknown}
Potions
 a - 3 potions of ambrosia {unknown}
 i - 2 potions of mutation
 l - 2 potions of agility
 o - 7 potions of heal wounds
 r - a potion of brilliance
Comestibles
 d - 13 rations


   Skills:
 - Level 1.5 Dodging
 - Level 2.1 Stealth
 + Level 5.8 Spellcasting
 - Level 5.0 Conjurations
   Level 0.7 Transmutations
 - Level 10.0 Earth Magic


You had 9 spell levels left.
You knew the following spells:

 Your Spells              Type           Power        Failure   Level  Hunger
a - Sandblast             Erth           #####.       1%          1    None
b - Stone Arrow           Conj/Erth      ####..       1%          3    ##.....
c - Lee's Rapid Deconstr  Erth           #####.....   5%          5    #####..

Your spell library contained the following spells:

 Spells                   Type           Power        Failure   Level  Hunger
 Sting                    Conj/Pois      ##..         4%          1    None
 Passwall                 Tmut/Erth      ###.....     1%          2    None
 Petrify                  Tmut/Erth      ###.....     13%         4    ####...


Dungeon Overview and Level Annotations

Branches:
Dungeon (7/15)             Temple (0/1) D:4

Altars:
Elyvilon
Fedhas
Hepliaklqana
Ru
Sif Muna
Uskayaw
Vehumet
Yredelemnul
Zin
The Shining One

Annotations:
D:7 Harold


Innate Abilities, Weirdness & Mutations

You are resistant to torment.
Your stone body is resilient. (AC +5)
You are immune to poison.
You resist negative energy. (rN+)
You are resistant to electric shocks. (rElec)
You can survive without breathing.
You are immune to petrification.
You are immune to rotting.


Message History

b - 186 stones Harold throws a throwing net.
The throwing net closely misses you.
Evoke which item? (* to show all) (? for menu, Esc to quit)
Aiming: Paralyse
Press: ? - help, Shift-Dir - straight line, f - Harold
Aim: Harold, wielding a +0 long sword and wearing a +0 scale mail (chance to defeat MR: 15%) Harold resists with almost no effort.
Casting: Sandblast (safe; 1% risk of failure)
Confirm with . or Enter, or press ? or * to list all spells.
Okay, then.
Unknown command.
Press: ? - help, v - describe, . - travel, g - get item
Here: Harold, wielding a +0 long sword and wearing a +0 scale mail A +0 shortbow.
There is something else lying underneath.
The floor.
Okay, then.
Okay, then.
Harold hits you with a +0 long sword!!
You die...

##### #### ....#
########..... ....#
#............ ....#
#.(.(........ ....#
#(........... .<..#
#.(.......... ....#
####..(......... ....#
#.................
....#.....##....@..####
.......## ####@##.#
...############.##.#####
_.......................
8[.)#####...............
_.........#####.##.#####
........# ##....# c#
........###.....# .
........##...##.## .


You could see Harold.

Vanquished Creatures
  Eustachio (D:5)
  Edmund (D:5)
  A phantom (D:4)
  3 ogres
  3 centaurs
  A bullfrog (D:6)
  A howler monkey (D:4)
  2 crimson imps
  A hound (D:5)
  2 orc priests
  4 worker ants
  4 iguanas
  4 orc wizards
  A killer bee zombie (D:5)
  A worker ant zombie (D:6)
  7 adders
  3 oozes
  An adder zombie (D:5)
  An adder skeleton (D:6)
  3 worms (D:3)
  3 dart slugs
  5 leopard geckos
  16 orcs
  3 giant cockroaches
  6 goblins
  4 hobgoblins
  6 jackals
  7 kobolds
  2 ball pythons
  3 bats
  2 frilled lizards
  A giant cockroach zombie (D:5)
  8 rats
111 creatures vanquished.

Vanquished Creatures (others)
  An orc (D:3)
  A bat (D:3)
2 creatures vanquished.

Grand Total: 113 creatures vanquished

Notes
Turn   | Place    | Note
-------+----------+-------------------------------------------
     0 | D:1      | eskel the Gargoyle Earth Elementalist began the quest for
                  | the Orb.
     0 | D:1      | Reached XP level 1. HP: 10/10 MP: 3/3
   115 | D:1      | Reached skill level 4 in Earth Magic
   181 | D:1      | Reached XP level 2. HP: 14/15 MP: 3/5
   690 | D:2      | Reached skill level 5 in Earth Magic
   690 | D:2      | Reached XP level 3. HP: 18/19 MP: 6/6
   696 | D:2      | Learned a level 3 spell: Stone Arrow
  1231 | D:2      | Reached XP level 4. HP: 19/24 MP: 7/7
  1303 | D:3      | Reached skill level 1 in Conjurations
  1310 | D:3      | Reached skill level 6 in Earth Magic
  1390 | D:3      | Found a radiant altar of Vehumet.
  1524 | D:3      | Became a worshipper of Vehumet
  2298 | D:3      | Reached XP level 5. HP: 28/28 MP: 8/8
  2723 | D:3      | Found a deep blue altar of Sif Muna.
  2830 | D:4      | Noticed a phantom
  2831 | D:4      | Found a staircase to the Ecumenical Temple.
  2842 | D:4      | Killed a phantom
  2842 | D:4      | Reached XP level 6. HP: 32/32 MP: 1/10
  3121 | D:4      | Reached * piety under Vehumet
  3121 | D:4      | Offered knowledge of Shock by Vehumet.
  3123 | D:4      | Reached XP level 7. HP: 31/36 MP: 8/11
  3141 | D:4      | Reached skill level 7 in Earth Magic
  3302 | D:4      | Reached skill level 5 in Conjurations
  4084 | D:5      | Entered Level 5 of the Dungeon
  4084 | D:5      | Noticed Eustachio
  4263 | D:5      | Noticed Edmund
  4271 | D:5      | Reached skill level 5 in Spellcasting
  4278 | D:5      | Learned a level 5 spell: Lee's Rapid Deconstruction
  4327 | D:5      | Reached XP level 8. HP: 41/41 MP: 15/15
  4353 | D:5      | Killed Eustachio
  4353 | D:5      | Reached skill level 8 in Earth Magic
  4546 | D:5      | Found a glowing silver altar of Zin.
  4547 | D:5      | Found a hide-covered altar of Uskayaw.
  4654 | D:5      | Killed Edmund
  4654 | D:5      | Reached skill level 9 in Earth Magic
  4778 | D:5      | Found a basalt altar of Yredelemnul.
  4781 | D:5      | Found a glowing golden altar of the Shining One.
  4784 | D:5      | Noticed an angel
  5156 | D:6      | Offered knowledge of Sting by Vehumet.
  5158 | D:6      | Reached ** piety under Vehumet
  5359 | D:7      | Found a hazy altar of Hepliaklqana.
  5359 | D:7      | Found a blossoming altar of Fedhas.
  5360 | D:7      | Found a sacrificial altar of Ru.
  5379 | D:7      | Found a white marble altar of Elyvilon.
  5432 | D:7      | Noticed Harold
  5435 | D:7      | Reached skill level 10 in Earth Magic
  5437 | D:7      | Slain by Harold

Skill      XL: |  1  2  3  4  5  6  7  8 |
---------------+-------------------------+-----
Earth Magic    | 4 5 6 7 10 | 10.0
Conjurations   | 1 3 4 5 |  5.0
Spellcasting   | 3 5 |  5.8
Dodging        | |  1.5
Stealth        | |  2.1
Transmutations | |  0.7

Action                   |  1- 3 |  4- 6 |  7- 9 || total
-------------------------+-------+-------+-------++-------
Melee: Club              |    11 |       |       ||    11
       Dagger            |    64 |   102 |       ||   166
       Whip              |     5 |       |       ||     5
       Spear             |       |     5 |   110 ||   115
Throw: Stone             |       |     2 |     3 ||     5
 Cast: Sandblast         |    11 |    59 |    32 ||   102
       Stone Arrow       |       |       |     6 ||     6
Evoke: Wand              |       |       |     2 ||     2
  Use: Scroll            |       |     5 |       ||     5
 Stab: Sleeping          |     1 |     3 |     1 ||     5
       Distracted        |       |       |     1 ||     1
  Eat: Chunk             |     1 |     6 |     9 ||    16
Armor: Robe              |    30 |    29 |    39 ||    98
Dodge: Dodged            |    37 |    84 |    78 ||   199
